 Dungeon Crawl Stone Soup version 0.23.1 (webtiles) character file.

Game seed: 12092272534235335754

188 Borgoz the Sneak (level 5, -1/41 HPs)
             Began as a Ghoul Enchanter on Mar 5, 2019.
             Was an Initiate of Ashenzari.
             Slain by a big kobold zombie (2 damage)
             ... in an ossuary.
             The game lasted 00:08:16 (3447 turns).

Borgoz the Sneak (Ghoul Enchanter)                  Turns: 3447, Time: 00:08:16

Health: -1/41      AC:  3    Str: 12    XL:     5   Next: 67%
Magic:  7/7        EV: 12    Int: 10    God:    Ashenzari [......]
Gold:   127        SH:  0    Dex: 10    Spells: 2/8 levels left

rFire    . . .     SeeInvis .   a - +2 dagger
rCold    + . .     Gourm    .   (no shield)
rNeg     + + +     Faith    .   l - +0 leather armour
rPois    ∞         Spirit   .   k - +0 hat (curse)
rElec    .         Reflect  .   (no cloak)
rCorr    .         Harm     .   (no gloves)
MR       .....                  (no boots)
Stlth    ++........             p - amulet of magic regeneration
HPRegen  0.00/turn              (no ring)
MPRegen  0.35/turn              (no ring)

@: very slightly contaminated, rotting, hasted, very quick
A: rotting body, claws 1, carnivore, cold resistance 1, negative energy
resistance 3, inhibited regeneration, torment resistance, unbreathing
a: Curse Item, Renounce Religion


You were in an ossuary.
You worshipped Ashenzari.
Ashenzari was noncommittal.
You were not hungry.

You visited 1 branch of the dungeon, and saw 4 of its levels.
You also visited: Ossuary.

You collected 127 gold pieces.

Inventory:

Hand Weapons
 a - a +2 dagger (weapon)
Armour
 k - a cursed +0 hat (worn)
 l - a +0 leather armour (worn)
Jewellery
 p - an amulet of magic regeneration (around neck)
Scrolls
 b - 2 scrolls of teleportation
 e - a scroll of magic mapping
 n - 2 scrolls of enchant armour
Comestibles
 d - 4 rations


   Skills:
 + Level 1.6 Fighting
 * Level 2.0 Short Blades
 * Level 1.6 Armour
 * Level 2.8 Dodging
 + Level 3.8 Stealth
 + Level 2.2 Spellcasting
 + Level 2.9 Hexes


You had 2 spell levels left.
You knew the following spells:

 Your Spells              Type           Power        Failure   Level  Hunger
a - Corona                Hex            #......      12%         1    ##.....
b - Ensorcelled Hibernat  Hex/Ice        #.....       32%         2    ###....
c - Confuse               Hex            #.......     34%         3    ####...

Your spell library contained the following spells:

 Spells                   Type           Power        Failure   Level  Hunger
 Slow                     Hex            #.......     19%         2    ###....
 Magic Dart               Conj           #...         36%         1    ##.....
 Blink                    Tloc           N/A          52%         2    ###....
 Call Imp                 Summ           #.......     52%         2    ###....
 Tukima's Dance           Hex            #.......     34%         3    ####...
 Dazzling Spray           Conj/Hex       #.....       54%         3    ####...
 Conjure Flame            Conj/Fire      #.......     75%         3    ####...
 Mephitic Cloud           Conj/Pois/Air  #.......     75%         3    ####...


Dungeon Overview and Level Annotations

Branches:
Dungeon (4/15)
 Temple: D:4-7

Altars:
Ashenzari


Innate Abilities, Weirdness & Mutations

Your body is rotting away.
You thrive on raw meat.
You are immune to poison.
You have sharp fingernails.
You are carnivorous and can eat meat at any time.
Your flesh is cold resistant. (rC+)
You are immune to negative energy. (rN+++)
You do not regenerate when monsters are visible.
You are immune to unholy pain and torment.
You can survive without breathing.


Message History

The helpless mummy fails to defend itself.
You puncture the mummy!
The mummy is severely damaged.
You hit the mummy but do no damage.
The mummy is severely damaged.
The helpless mummy fails to defend itself.
You puncture the mummy!
The mummy is almost destroyed.
You flicker back into view.
You barely miss the mummy.
The mummy is almost destroyed.
The mummy closely misses you. The mummy hits you.
* * * LOW HITPOINT WARNING * * *
A mummy comes into view.
The mummy hits you.
* * * LOW HITPOINT WARNING * * *
You aren't carrying any items that you can evoke.
You feel yourself speed up. The big kobold zombie hits you.
You die...

.....##....##.....
..................
#................#
#..............##
+##........##+#
##.....M##
##....## #.M..#
#@ZM.# #....#
#....# #....#
#....# #....#
#.∩∩.# ######


You could see 3 mummies and a big kobold zombie.

Vanquished Creatures
  A howler monkey (D:4)
  A big kobold zombie (Ossuary)
  2 mummies (Ossuary)
  3 adders
  A worm (D:3)
  2 dart slugs (D:1)
  3 leopard geckos (D:3)
  An orc (D:4)
  3 giant cockroaches
  A gnoll zombie (Ossuary)
  5 goblins
  5 hobgoblins
  8 jackals
  11 kobolds
  2 quokkas (D:3)
  9 bats
  5 frilled lizards
  3 hobgoblin zombies (Ossuary)
  2 kobold zombies (Ossuary)
  7 rats
75 creatures vanquished.

Notes
Turn   | Place    | Note
-------+----------+-------------------------------------------
     0 | D:1      | Borgoz the Ghoul Enchanter began the quest for the Orb.
     0 | D:1      | Reached XP level 1. HP: 14/14 MP: 2/2
    60 | D:1      | Reached skill level 1 in Short Blades
   235 | D:1      | Reached XP level 2. HP: 15/20 MP: 0/3
   533 | D:1      | HP: 1/22 [kobold (3)]
   553 | D:1      | Learned a level 2 spell: Ensorcelled Hibernation
   822 | D:1      | Reached XP level 3. HP: 21/27 MP: 4/4
   934 | D:1      | Reached skill level 1 in Fighting
  1481 | D:2      | Reached skill level 1 in Armour
  1587 | D:2      | Reached XP level 4. HP: 21/35 MP: 0/6
  1770 | D:2      | Found a shattered altar of Ashenzari.
  1781 | D:2      | Became a worshipper of Ashenzari the Shackled
  2104 | D:3      | Learned a level 3 spell: Confuse
  2900 | D:4      | Found a sand-covered staircase.
  2918 | D:4      | Reached XP level 5. HP: 10/40 MP: 3/7
  3050 | Ossuary  | Entered an ossuary
  3435 | Ossuary  | HP: 1/41 [mummy (4)]
  3447 | Ossuary  | Slain by a big kobold zombie

Skill      XL: |  1  2  3  4  5 |
---------------+----------------+-----
Short Blades   | 1 2 |  2.0
Dodging        | 2 |  2.8
Fighting       | 1 |  1.6
Armour         | 1 |  1.6
Spellcasting   | 2 |  2.2
Stealth        | |  3.8
Hexes          | |  2.9

Action                   |  1- 3 |  4- 6 || total
-------------------------+-------+-------++-------
Melee: Dagger            |   154 |   213 ||   367
 Cast: Corona            |    12 |     2 ||    14
       Ensorcelled Hiber |     1 |     3 ||     4
       Confuse           |       |     2 ||     2
Invok: Curse Item        |       |     1 ||     1
  Use: Scroll            |     5 |     7 ||    12
       Potion            |     1 |     5 ||     6
 Stab: Sleeping          |    11 |     7 ||    18
       Invisible         |       |     3 ||     3
       Confused          |       |     2 ||     2
  Eat: Chunk             |    13 |     9 ||    22
Armor: Robe              |    31 |    14 ||    45
       Leather armour    |       |    24 ||    24
Dodge: Dodged            |   117 |   120 ||   237
